 Dungeon Crawl Stone Soup version 0.21.1-1-g345015f (webtiles) character file.

396 Mirai the Thaumaturge (level 6, -5/32 HPs)
             Began as a Deep Elf Conjurer on Mar 26, 2018.
             Slain by a wraith (13 damage)
             ... in an ossuary.
             The game lasted 00:08:15 (3227 turns).

Mirai the Thaumaturge (Deep Elf Conjurer)           Turns: 3227, Time: 00:08:16

Health: -5/32      AC:  4    Str:  5    XL:     6   Next: 52%
Magic:  14/20      EV: 13    Int: 22    God:
Gold:   205        SH:  0    Dex: 15    Spells: 12/23 levels left

rFire    . . .     SeeInvis .   k - +0 dagger (elec)
rCold    . . .     Gourm    +   (no shield)
rNeg     . . .     Faith    .   a - +0 robe
rPois    .         Spirit   .   (no helmet)
rElec    .         Reflect  .   s - +0 cloak
rCorr    .         Harm     .   (no gloves)
MR       .....                  r - +2 pair of boots {Stlth+}
Stlth    +++.......             g - amulet of the gourmand
HPRegen  0.10/turn              t - -2 ring of protection (curse)
MPRegen  0.17/turn              (no ring)

@: slowed, very slow
A: no striking features
a: no special abilities


You were in an ossuary.
You were very full.

You visited 1 branch of the dungeon, and saw 4 of its levels.
You also visited: Ossuary.

You collected 205 gold pieces.

Inventory:

Hand Weapons
 k - a +0 dagger of electrocution (weapon)
 o - a +0 hand axe
Armour
 a - a +0 robe (worn)
 r - a +2 pair of boots of stealth (worn)
 s - a +0 cloak (worn)
Jewellery
 g - an amulet of the gourmand (around neck)
 t - a cursed -2 ring of protection (left hand)
Wands
 l - a wand of acid (8)
Scrolls
 d - a scroll of amnesia
 e - 3 scrolls of identify
 j - a scroll of blinking
 q - 5 scrolls of teleportation
Potions
 f - a potion of resistance {unknown}
 h - 2 potions of curing {unknown}
 i - a potion of flight {unknown}
 m - a potion of cancellation {unknown}
 n - a potion of ambrosia {unknown}
 p - a potion of berserk rage {unknown}
 u - a potion of haste {unknown}
Books
 b - a book of Conjurations

   Spells                             Type                      Level
   a - Magic Dart                     Conjuration                  1
   b - Searing Ray                    Conjuration                  2
   c - Dazzling Spray                 Conjuration/Hexes            3
   d - Fulminant Prism                Conjuration/Hexes            4
   e - Force Lance                    Conjuration/Translocation    4
   f - Iskenderun's Mystic Blast      Conjuration                  4
Comestibles
 c - 8 rations


   Skills:
 - Level 2.4 Dodging
 - Level 2.4 Stealth
 + Level 9.2 Spellcasting
 + Level 4.5 Conjurations
 + Level 0.9 Hexes


You had 12 spell levels left.
You knew the following spells:

 Your Spells              Type           Power        Failure   Level  Hunger
a - Magic Dart            Conj           ####         1%          1    None
b - Searing Ray           Conj           ####..       1%          2    None
c - Iskenderun's Mystic   Conj           ####....     10%         4    ##.....
d - Fulminant Prism       Conj/Hex       ###.......   22%         4    ##.....


Dungeon Overview and Level Annotations

Branches:
Dungeon (4/15)
 Temple: D:4-7

Altars:
Qazlal
Uskayaw


Message History

You feel yourself slow down.
The searing ray misses the wraith.
The wraith barely misses you.
The searing ray hits the wraith.
The wraith is lightly damaged.
The wraith hits you! The wraith drains your vigour!
You feel as though you will be slow longer.
The wraith hits you!
* * * LOW HITPOINT WARNING * * *
The searing ray hits the wraith.
The wraith is moderately damaged.
You finish channeling your searing ray.
The wraith closely misses you.
Casting: Searing Ray
Confirm with . or Enter, or press ? or * to list all spells.
Aiming: Searing Ray
Press: ? - help, Shift-Dir - straight line, f/p - wraith
Aim: a wraith (moderately damaged)
The searing ray misses the wraith. (Press . to maintain the ray.)
The wraith closely misses you. The wraith hits you!
You die...

#.###.!!!
#.#z#.!?!.# #.#
#.###.?!!.###.#
#.......... ..#
#.......... ..#
#.###.###.###.#
#.#.#.# #.#.#.#
#.)##.###.##W.#
#............@#
###############


You could see a wraith.

Vanquished Creatures
  4 wights (Ossuary)
  A howler monkey (D:4)
  Terence (D:3)
  4 gnolls (D:3)
  4 adders
  2 oozes
  An adder skeleton (D:4)
  3 dart slugs
  5 leopard geckos
  4 orcs (D:4)
  3 ball pythons
  6 bats
  2 giant cockroaches
  7 goblins
  5 hobgoblins
  4 jackals
  6 kobolds
  2 quokkas
  A ball python skeleton (D:4)
  3 frilled lizards (D:2)
  A hobgoblin skeleton (Ossuary)
  A hobgoblin zombie (Ossuary)
  3 kobold zombies (Ossuary)
  3 orc zombies (Ossuary)
  8 rats
84 creatures vanquished.

Notes
Turn   | Place    | Note
-------+----------+-------------------------------------------
     0 | D:1      | Mirai the Deep Elf Conjurer began the quest for the Orb.
     0 | D:1      | Reached XP level 1. HP: 10/10 MP: 6/6
   147 | D:1      | Reached skill level 4 in Spellcasting
   147 | D:1      | Reached XP level 2. HP: 11/15 MP: 2/9
   455 | D:1      | Reached XP level 3. HP: 17/19 MP: 8/11
   550 | D:1      | Reached skill level 5 in Spellcasting
   878 | D:2      | Learned a level 2 spell: Searing Ray
   943 | D:2      | Reached skill level 6 in Spellcasting
   943 | D:2      | Reached XP level 4. HP: 15/24 MP: 5/14
   949 | D:2      | Learned a level 4 spell: Iskenderun's Mystic Blast
   954 | D:2      | Learned a level 4 spell: Fulminant Prism
  1711 | D:3      | Reached skill level 7 in Spellcasting
  1711 | D:3      | Reached XP level 5. HP: 28/28 MP: 1/16
  2022 | D:3      | Found a stormy altar of Qazlal.
  2100 | D:3      | Noticed Terence
  2111 | D:3      | Killed Terence
  2118 | D:3      | Found a hide-covered altar of Uskayaw.
  2474 | D:4      | Reached skill level 8 in Spellcasting
  2522 | D:4      | Found a sand-covered staircase.
  2533 | Ossuary  | Entered an ossuary
  2576 | Ossuary  | Reached XP level 6. HP: 15/32 MP: 12/19
  2946 | Ossuary  | Noticed a flying skull
  2946 | Ossuary  | Noticed a wraith
  2959 | Ossuary  | Noticed a flying skull
  2967 | Ossuary  | Reached skill level 9 in Spellcasting
  3222 | Ossuary  | Noticed a wraith
  3227 | Ossuary  | Slain by a wraith

Skill      XL: |  1  2  3  4  5  6 |
---------------+-------------------+-----
Spellcasting   | 4 6 7 8 9 |  9.2
Dodging        | |  2.4
Stealth        | |  2.4
Conjurations   | |  4.5
Hexes          | |  0.9

Action                   |  1- 3 |  4- 6 || total
-------------------------+-------+-------++-------
Melee: Dagger            |    20 |     6 ||    26
       Short sword       |     1 |       ||     1
 Cast: Magic Dart        |    69 |    62 ||   131
       Searing Ray       |       |    20 ||    20
       Iskenderun's Myst |       |     2 ||     2
  Use: Scroll            |       |     5 ||     5
  Eat: Chunk             |    16 |     5 ||    21
Armor: Robe              |     7 |     4 ||    11
Dodge: Dodged            |    26 |    28 ||    54
